 Dungeon Crawl Stone Soup version 0.30.0-29-ga12c61a403 (webtiles) character file.

Game seed: 13037531821580793604

805 H0rd4k the Thaumaturge (level 7, 0/37 HPs)
             Began as a Deep Elf Hedge Wizard on June 22, 2023.
             Slain by a water moccasin (2 damage)
             ... on level 5 of the Dungeon.
             The game lasted 00:08:29 (7373 turns).

H0rd4k the Thaumaturge (Deep Elf Hedge Wizard)      Turns: 7373, Time: 00:08:29

Health: 0/37       AC:  4    Str:  7    XL:     7   Next: 60%
Magic:  11/21      EV: 14    Int: 21    God:
Gold:   221        SH:  0    Dex: 20    Spells: 17/24 levels left

rFire   . . .        a - +0 dagger
rCold   . . .        (no shield)
rNeg    . . .        b - +0 robe
rPois   .            e - +1 hat
rElec   .            i - +0 cloak
rCorr   .            (no gloves)
SInv    +            (no boots)
Will    .....        (no amulet)
Stlth   +++          n - +6 ring of dexterity
HPRegen 0.26/turn    r - ring of see invisible
MPRegen 0.17/turn

%: no passive effects
@: lethally poisoned (0 -> -14)
A: no striking features
a: no special abilities


You were on level 5 of the Dungeon.
You visited 2 branches of the dungeon, and saw 6 of its levels.

You collected 221 gold pieces.

Inventory:

Hand Weapons
 a - a +0 dagger (weapon)
Missiles
 g - 2 throwing nets
 o - 25 poisoned darts
Armour
 b - a +0 robe (worn)
 e - a +1 hat (worn)
 i - a +0 cloak (worn)
Jewellery
 n - a +6 ring of dexterity (left hand)
 r - a ring of see invisible (right hand)
Wands
 l - a wand of digging (3)
 m - a wand of polymorph (10)
 w - a wand of mindburst (12)
Scrolls
 h - a scroll of teleportation
 k - a scroll of vulnerability {unknown}
 p - a scroll of identify {unknown}
 q - a scroll of fog {unknown}
 t - 2 scrolls of enchant armour {unknown}
 u - a scroll of brand weapon {unknown}
 v - a scroll of immolation {unknown}
 x - a scroll of magic mapping {unknown}
Potions
 c - a potion of brilliance
 d - a potion of magic
 f - a potion of curing
 j - a potion of cancellation {unknown}
 s - a potion of attraction {unknown}


   Skills:
 + Level 0.9 Fighting
 + Level 0.3 Short Blades
 + Level 3.7 Dodging
 + Level 3.6 Stealth
 + Level 9.2 Spellcasting
 + Level 5.0 Conjurations
 + Level 1.1 Summonings
 + Level 1.1 Translocations
 + Level 0.5 Evocations


You had 17 spell levels left.
You knew the following spells:

 Your Spells              Type           Power      Damage    Failure   Level
a - Magic Dart            Conj           100%       1d8       1%          1
b - Blink                 Tloc           28%        N/A       7%          2
c - Slow                  Hex            36%        N/A       7%          1
d - Confusing Touch       Hex            9%         N/A       21%         3

Your spell library contained the following spells:

 Spells                   Type           Power      Damage    Failure   Level
 Apportation              Tloc           28%        N/A       4%          1
 Summon Small Mammal      Summ           56%        N/A       4%          1
 Necrotise                Necr           36%        1d5       7%          1
 Call Imp                 Summ           28%        N/A       7%          2
 Cigotuvi's Dreadful Rot  Necr/Pois/Air  18%        N/A       11%         2
 Mephitic Cloud           Conj/Pois/Air  16%        N/A       11%         3
 Ozocubu's Armour         Ice            9%         N/A       22%         3
 Vampiric Draining        Necr           9%         2d6       22%         3
 Ozocubu's Refrigeration  Ice            4%         4d8       100%        7


Dungeon Overview and Level Annotations

Branches:
Dungeon (5/15)             Temple (1/1) D:5

Altars:
Dithmenos
Elyvilon
Fedhas
Gozag
Kikubaaqudgha
Makhleb
Nemelex Xobeh
Okawaru
Sif Muna
Trog
Uskayaw
Vehumet
Xom
Zin
The Shining One

Shops:
D:1 =   D:5 *

Annotations:
D:2 exclusion: 2 downstairs
D:4 2 transporters, exclusion: downstairs, TangoThomas's ghost, amateur DsRe
D:5 exclusion: upstairs


Message History

You feel sick.
The water moccasin bites you but does no damage.
The magic dart hits the water moccasin but does no damage.
The water moccasin is moderately wounded.
You feel sick.
The water moccasin is no longer moving slowly.
The water moccasin bites you but does no damage.
The magic dart hits the water moccasin!
The water moccasin is severely wounded.
You feel sick. The water moccasin bites you!
You are too injured to fight recklessly!
You are too injured to fight recklessly!
You are too injured to fight recklessly!
You are too injured to fight recklessly!
Aiming: Magic Dart (safe; 1% risk of failure)
Press: ? - help, Q - select action, (/) - cycle Shift-Dir - straight line, f/p - water moccasin
Aim: a water moccasin (severely wounded, 100% to hit)
The magic dart hits the water moccasin.
The water moccasin is severely wounded.
You feel sick.
The water moccasin bites you but does no damage.
The water moccasin completely misses you.
Aiming: Magic Dart (safe; 1% risk of failure)
Press: ? - help, Q - select action, (/) - cycle Shift-Dir - straight line, f/p - water moccasin
Aim: a water moccasin (severely wounded, 100% to hit)
The magic dart hits the water moccasin.
The water moccasin is severely wounded.
You feel sick. The water moccasin bites you!
* * * LOW HITPOINT WARNING * * *
You are lethally poisoned!
The water moccasin poisons you!
Aiming: Magic Dart (safe; 1% risk of failure)
Press: ? - help, Q - select action, (/) - cycle Shift-Dir - straight line, f/p - water moccasin
Aim: a water moccasin (severely wounded, 100% to hit)
The magic dart hits the water moccasin.
The water moccasin is severely wounded.
* * * LOW HITPOINT WARNING * * *
You feel very sick. The water moccasin bites you.
You die...

#### ####### ###### ...#
#.....# #....# ...# +.....#
#....# ...# #.....# #....#
...# #.....# #....# ...#
#.....# #....# ...# #.....#
#....# ...# #.....####<...#
########+# #+###@#.........[#
.........#.....S.#..........#
.........#.......#..........#
#######..##..##+##..........#
....###..##..##.#......######
................#......#
................#......#
#....##..########......######
#....##..#...>..............#


You could see a water moccasin.

Vanquished Creatures
  A water moccasin (D:5)
  A sky beast (D:5)
  A centaur (D:5)
  2 scorpions
  2 iguanas (D:5)
  Natasha (thrice) (D:2)
  2 orc wizards (D:5)
  Robin (D:3)
  2 gnolls (D:4)
  4 adders
  A white imp (D:5)
  An ufetubus (D:4)
  5 worms
  8 dart slugs
  8 orcs
  7 endoplasms
  4 giant cockroaches (D:1)
  21 goblins
  12 hobgoblins
  12 kobolds
  5 quokkas
  16 ball pythons
  A bat (D:1)
  6 frilled lizards
  6 rats
132 creatures vanquished.

Notes
Turn   | Place    | Note
-------+----------+-------------------------------------------
     0 | D:1      | H0rd4k the Deep Elf Hedge Wizard began the quest for the
                  | Orb.
     0 | D:1      | Reached XP level 1. HP: 10/10 MP: 7/7
   314 | D:1      | Reached XP level 2. HP: 15/15 MP: 0/9
   317 | D:1      | Reached skill level 5 in Spellcasting
   803 | D:1      | Found Zommin's Jewellery Emporium.
   808 | D:1      | Reached XP level 3. HP: 19/19 MP: 9/11
  2090 | D:2      | Found an ancient bone altar of Kikubaaqudgha.
  2260 | D:2      | Noticed Natasha
  2268 | D:2      | Killed Natasha
  2269 | D:2      | Reached skill level 6 in Spellcasting
  2269 | D:2      | Reached XP level 4. HP: 24/24 MP: 5/14
  2661 | D:2      | Noticed Natasha
  2671 | D:2      | Killed Natasha
  2933 | D:2      | Noticed Natasha
  2939 | D:2      | Killed Natasha
  2940 | D:2      | Reached skill level 7 in Spellcasting
  2940 | D:2      | Reached XP level 5. HP: 28/28 MP: 6/16
  3245 | D:2      | Learned a level 2 spell: Blink
  3303 | D:3      | Identified the +2 helmet of Space {Dex+3}
  3303 | D:3      | Noticed Robin
  3310 | D:3      | Killed Robin
  3761 | D:3      | Noticed Ijyb
  3765 | D:3      | Ijyb changed into Ijyb the hobgoblin
  3765 | D:3      | Noticed Ijyb
  3767 | D:3      | Killed Ijyb the hobgoblin
  5106 | D:4      | Reached XP level 6. HP: 31/33 MP: 5/18
  5123 | D:4      | Reached skill level 8 in Spellcasting
  5258 | D:4      | Found a transporter.
  5263 | D:4      | Found a transporter.
  5263 | D:4      | Noticed TangoThomas's ghost (amateur DsRe)
  5426 | D:4      | Found a bloodstained altar of Trog.
  5557 | D:4      | Noticed a yak
  5557 | D:4      | Noticed a yak
  5590 | D:5      | Entered Level 5 of the Dungeon
  5694 | D:5      | Found a staircase to the Ecumenical Temple.
  5712 | Temple   | Entered the Ecumenical Temple
  6086 | D:5      | Found Foduezor's CLEARANCE SALE!.
  6269 | D:5      | Noticed a water moccasin
  6274 | D:5      | Killed a water moccasin
  6275 | D:5      | Reached XP level 7. HP: 37/37 MP: 16/21
  6643 | D:4      | Found an opulent altar of Gozag.
  6645 | D:4      | Found a shadowy altar of Dithmenos.
  7058 | D:5      | Reached skill level 9 in Spellcasting
  7251 | D:5      | Learned a level 1 spell: Slow
  7255 | D:5      | Learned a level 3 spell: Confusing Touch
  7266 | D:5      | Reached skill level 5 in Conjurations
  7373 | D:5      | Slain by a water moccasin

Illustrated notes

Levels and vault maps discovered:
D:1:      heliophobic_arrival_glass_houses, layout_loops_ring, serial_shops,
          nicolae_shop_behind_doors, serial_park_tiny_2,
          minmay_misc_feat_columns, minmay_unequal
D:2:      layout_basic, basic_altar, minmay_3d_cube, uniq_natasha
D:3:      minmay_razor_zed, layout_loops_ring, reono_crystal_passage, uniq_ijyb,
          uniq_robin
D:4:      layout_cave_pods, nicolae_overflow_hidden_temple,
          mainiacjoe_overflow_paths, gammafunk_ghost_arena
D:5:      layout_gridville, minmay_temple_entry_statues_pillars,
          nicolae_shop_clearance
Temple:   hc_temple_tempest_star

Skill      XL: |  1  2  3  4  5  6  7 |
---------------+----------------------+-----
Spellcasting   | 5 6 7 8 9 |  9.2
Conjurations   | 2 3 4 5 |  5.0
Stealth        | 3 |  3.6
Dodging        | 3 |  3.7
Fighting       | |  0.9
Short Blades   | |  0.3
Summonings     | |  1.1
Translocations | |  1.1
Evocations     | |  0.5

Action                     |  1- 3 |  4- 6 |  7- 9 || total
---------------------------+-------+-------+-------++-------
  Melee: Dagger            |     9 |     5 |       ||    14
   Cast: Magic Dart        |   120 |   256 |    63 ||   439
         Slow              |       |       |     2 ||     2
  Evoke: Wand              |       |     4 |     1 ||     5
    Use: Potion            |       |     2 |     1 ||     3
         Scroll            |       |       |     1 ||     1
 Armour: Robe              |     5 |    12 |    10 ||    27
         Skin              |       |     2 |       ||     2
  Dodge: Dodged            |     7 |    41 |    26 ||    74
